[Event "ICC tourney 1969 (45 10)"]
[Site "Internet Chess Club"]
[Date "2020.08.23"]
[Round "5"]
[White "ramennoodle"]
[Black "RagingKnightNC"]
[Result "1-0"]
[ICCResult "Black resigns"]
[WhiteElo "1926"]
[BlackElo "2031"]
[Opening "English: symmetrical, Botvinnik system"]
[ECO "B20"]
[NIC "EO.30"]
[Time "11:03:52"]
[TimeControl "2700+10"]

1. e4 c5 2. c4 Nc6 3. Nc3 g6 4. g3 Bg7 5. Bg2 e6 6. Nge2 Nge7 7. O-O O-O 8.
Rb1 d5 9. exd5 exd5 10. cxd5 Nd4 11. Nf4 Bf5 12. d3 Qd7 13. h3 g5 14. Nh5
Bxh3 15. Nxg7 Kxg7 16. Bxg5 Bxg2 17. Kxg2 Nxd5 18. Qh5 Nxc3 19. bxc3 Qd5+
20. f3 Qxa2+ 21. Kh1 Nf5 22. Qg4 Qe6 23. Rfe1 Qg6 24. Re5 Nd6 25. Be7 Qxg4
26. fxg4 Rfd8 27. Bxd8 Rxd8 28. Rxc5 Re8 29. Kg2 b6 30. Rc7 Re3 31. Rxa7
Rxd3 32. Rd7 Rd2+ 33. Kf3 Nc4 34. Rc7 Rd3+ 35. Ke4 Rxc3 36. Kd4 Nd2 37. Rxc3
Nxb1 38. Rb3 Nd2 39. Rd3 Nf1 40. Ke4 b5 41. Kf4 h5 42. Rd1 Nh2 43. gxh5 f5
44. Kxf5 b4 45. Kf4 b3 46. Rb1 Kh6 47. Rxb3 Kxh5 48. Rb1 Ng4 49. Rh1+
{Black resigns}
1-0

[Event "ICC tourney 1969 (45 10)"]
[Site "Internet Chess Club"]
[Date "2020.08.23"]
[Round "5"]
[White "adelie"]
[Black "laksa"]
[Result "0-1"]
[ICCResult "White resigns"]
[WhiteElo "1933"]
[BlackElo "2203"]
[Opening "Réti opening"]
[ECO "A11"]
[NIC "RE.07"]
[Time "11:03:49"]
[TimeControl "2700+10"]

1. Nf3 d5 2. c4 c6 3. g3 Nf6 4. Bg2 dxc4 5. a4 a5 6. Na3 g6 7. Nxc4 Bg7 8.
O-O O-O 9. d3 Nbd7 10. Qc2 Nd5 11. Bd2 Qc7 12. Rfc1 Re8 13. Rab1 e5 14. e4
Nb4 15. Bxb4 axb4 16. Qb3 Nc5 17. Qxb4 Nxd3 18. Qb6 Qe7 19. Rd1 Rxa4 20. b3
Rb4 21. Qa5 Be6 22. Na3 b6 23. Qa6 Nc5 24. Qf1 Rxb3 25. Nc4 Rxb1 26. Rxb1 b5
27. Ncxe5 Qd6 28. Rd1 Qc7 29. Rc1 Bxe5 30. Rxc5 Bd6 31. Rc2 Bc4 32. Rxc4
bxc4 33. Qxc4 Rb8 34. e5 Rb1+ 35. Bf1 Bxe5 36. Nxe5 Qxe5 37. Qxc6 Qe2 38.
Qg2 h5 39. h4 Kg7 40. Qh3 Kf6 41. Qg2 Kg7 42. Qh3 Qf3 43. Qg2 Qxg2+ 44. Kxg2
Kf6 45. Bc4 Rc1 46. Bb3 Rc3 47. Bd5 Rc5 48. Bb3 Rc7 49. Ba2 Ke5 50. Bb3 Kd4
51. Ba4 Kd3 52. Bb5+ Kd2 53. Ba4 Ke1 54. Be8 Rc2 55. Bxf7 Rxf2+ 56. Kh3 Rxf7
{White resigns}
0-1

[Event "ICC tourney 1969 (45 10)"]
[Site "Internet Chess Club"]
[Date "2020.08.23"]
[Round "5"]
[White "Monkeybomb3605"]
[Black "dxzhou"]
[Result "1-0"]
[ICCResult "Black resigns"]
[WhiteElo "1983"]
[BlackElo "1888"]
[Opening "Sicilian: Najdorf, Byrne (English) attack"]
[ECO "B90"]
[NIC "SI.14"]
[Time "11:03:41"]
[TimeControl "2700+10"]

1. e4 c5 2. Nf3 d6 3. d4 cxd4 4. Nxd4 Nf6 5. Nc3 a6 6. Be3 e5 7. Nf3 Be6 8.
Ng5 Be7 9. Nxe6 fxe6 10. Bc4 Qd7 11. Qf3 Nc6 12. Qh3 Kf7 13. O-O b5 14. Bb3
Na5 15. f4 Nxb3 16. cxb3 exf4 17. Rxf4 Rhd8 18. Raf1 Kg8 19. Rh4 e5 20. Qg3
d5 21. exd5 Nxd5 22. Rg4 Bf8 23. Ne4 Kh8 24. Bc1 Rac8 25. Rg5 Nf4 26. Bxf4
exf4 27. Qxf4 Qd4+ 28. Kh1 Re8 29. Rg4 Qxb2 30. Ng5 Qe2 31. Rh4 h5 32. Qf7
{Black resigns}
1-0

[Event "ICC tourney 1969 (45 10)"]
[Site "Internet Chess Club"]
[Date "2020.08.23"]
[Round "5"]
[White "creepycrawlies"]
[Black "lemonoosa"]
[Result "0-1"]
[ICCResult "White resigns"]
[WhiteElo "2162"]
[BlackElo "2079"]
[Opening "QGA: 3.e4"]
[ECO "D20"]
[NIC "QG.04"]
[Time "11:03:47"]
[TimeControl "2700+10"]

1. d4 d5 2. c4 dxc4 3. e4 e5 4. Nf3 Bb4+ 5. Bd2 Bxd2+ 6. Qxd2 exd4 7. Nxd4
Nf6 8. Nc3 O-O 9. Bxc4 c5 10. Ndb5 Qxd2+ 11. Kxd2 Nc6 12. Rad1 a6 13. Nd6 b5
14. Bd5 Nxd5 15. exd5 Nd4 16. Nce4 Nf5 17. Nxf5 Bxf5 18. Nxc5 Rfc8 19. b4 a5
20. a3 axb4 21. axb4 Ra2+ 22. Ke3 Re8+ 23. Kf3 h5 24. Rhe1 Bg4+ 25. Kg3 Rxe1
26. Rxe1 Rd2 27. f3 Bf5 28. Kf4 g6 29. Ke5 Rxg2 30. Rd1 Rxh2 31. d6 Rf2 32.
Kf4 Rb2 33. Rd4 h4 34. d7 Bxd7 35. Nxd7 h3 36. Nf6+ Kg7 37. Nd5 h2 38. Rd1
Rd2 39. Rh1 Rxd5 40. Rxh2 Rd4+ 41. Ke3 Rxb4 42. Rc2 Rc4 43. Rb2 Rc5 44. Kd4
Rf5 45. Ke4 Kf6 46. Rc2 Kg5 47. Rc7 Kh4 {White resigns} 0-1

[Event "ICC tourney 1969 (45 10)"]
[Site "Internet Chess Club"]
[Date "2020.08.23"]
[Round "5"]
[White "sathviks"]
[Black "town"]
[Result "1-0"]
[ICCResult "Black checkmated"]
[WhiteElo "2213"]
[BlackElo "2115"]
[Opening "Sicilian: Kan, Maróczy bind (Réti variation)"]
[ECO "B41"]
[NIC "SI.41"]
[Time "11:03:41"]
[TimeControl "2700+10"]

1. e4 c5 2. Nf3 e6 3. d4 cxd4 4. Nxd4 a6 5. c4 Nf6 6. Nc3 Qc7 7. Be2 Bb4 8.
Qc2 Qe5 9. a3 Bxc3+ 10. Qxc3 Qxe4 11. O-O Nc6 12. Nxc6 dxc6 13. Bd3 Qg4 14.
Be3 O-O 15. Rad1 Qh5 16. Bd4 Qh6 17. Rfe1 Re8 18. Re3 c5 19. Be5 Nh5 20. Rh3
f6 21. g4 Qg5 22. Bxh7+ Kf7 23. Qf3 Qxe5 24. gxh5 Rf8 25. Qg2 f5 26. Bg6+
Ke7 27. Re3 Qf6 28. Qd5 Qg5+ 29. Kf1 Kf6 30. Qe5+ Ke7 31. Qxg7+ Rf7 32.
Qxf7# {Black checkmated} 1-0

[Event "ICC tourney 1969 (45 10)"]
[Site "Internet Chess Club"]
[Date "2020.08.23"]
[Round "5"]
[White "investigator"]
[Black "atult"]
[Result "0-1"]
[ICCResult "White resigns"]
[WhiteElo "2075"]
[BlackElo "1865"]
[Opening "English: symmetrical variation"]
[ECO "A30"]
[NIC "EO.64"]
[Time "11:03:49"]
[TimeControl "2700+10"]

1. c4 c5 2. Nf3 d6 3. g3 Nf6 4. Nc3 g6 5. Bg2 Bg7 6. d4 cxd4 7. Nxd4 a6 8.
O-O O-O 9. b3 Qc7 10. Bb2 Nc6 11. Rc1 Bd7 12. Nd5 Qd8 13. e4 Nxd5 14. exd5
Nxd4 15. Bxd4 Bxd4 16. Qxd4 b5 17. Rfe1 Rc8 18. c5 dxc5 19. Rxc5 Rxc5 20.
Qxc5 Re8 21. b4 Qc8 22. h4 Kf8 23. Qd4 Kg8 24. h5 Qc4 25. Qb2 f6 26. h6 Kf7
27. Qd2 Rc8 28. Qe3 Qxb4 29. d6 Qxd6 30. Bd5+ Kf8 31. Qb3 e6 32. Bxe6 Re8
33. Rd1 Qxe6 34. Qd3 Bc6 35. Qd4 Kf7 36. Qa7+ Re7 37. Qd4 Rd7 38. Qa1 Rxd1+
39. Qxd1 Qd5 {White resigns} 0-1

[Event "ICC tourney 1969 (45 10)"]
[Site "Internet Chess Club"]
[Date "2020.08.23"]
[Round "5"]
[White "vyomvidy"]
[Black "jy2020"]
[Result "1-0"]
[ICCResult "Black resigns"]
[WhiteElo "2263"]
[BlackElo "2226"]
[Opening "Queen's pawn: Chigorin variation"]
[ECO "D00"]
[NIC "VO.15"]
[Time "11:03:40"]
[TimeControl "2700+10"]

1. Nc3 d5 2. d4 Nf6 3. Bf4 e6 4. e3 a6 5. Nf3 Bd6 6. Bd3 c5 7. dxc5 Bxc5 8.
O-O Nc6 9. e4 d4 10. Ne2 h6 11. c4 Nd7 12. a3 e5 13. Bg3 a5 14. Bc2 O-O 15.
Nc1 Qe7 16. Nd3 Bd6 17. Ba4 f6 18. Nh4 Re8 19. Nf5 Qf8 20. f4 exf4 21. Bxf4
Bxf4 22. Rxf4 Nc5 23. Bxc6 bxc6 24. Nxc5 Qxc5 25. Qxd4 Qxd4+ 26. Nxd4 c5 27.
Nb5 Re7 28. Nc3 Ba6 29. Na4 Re5 30. Rf5 Rxe4 31. Rxc5 Rd8 32. Nc3 Rxc4 33.
Rxa5 Bb7 34. Ra7 Bc6 35. Rf1 Rd6 36. Rc7 Rdd4 37. g3 h5 38. Rf4 Rxf4 39.
gxf4 g5 40. a4 gxf4 41. a5 Rc5 42. Kf2 Kf8 43. a6 Ke8 44. a7 Kd8 45. Rxc6
{Black resigns}
1-0

[Event "ICC tourney 1969 (45 10)"]
[Site "Internet Chess Club"]
[Date "2020.08.23"]
[Round "5"]
[White "Rohanius"]
[Black "tanishqchess"]
[Result "1-0"]
[ICCResult "Black checkmated"]
[WhiteElo "1625"]
[BlackElo "908"]
[Opening "Ponziani: Jaenisch counter-attack"]
[ECO "C44"]
[NIC "KP.05"]
[Time "11:03:51"]
[TimeControl "2700+10"]

1. e4 e5 2. Nf3 Nc6 3. c3 Nf6 4. d4 d6 5. d5 Ne7 6. Be2 Nxe4 7. Qa4+ Bd7 8.
Qxe4 f5 9. Qc4 Ng6 10. Bg5 Be7 11. Bxe7 Qxe7 12. Qxc7 O-O 13. O-O b6 14. Qc4
Nf4 15. Re1 Qe8 16. Bf1 Rc8 17. Qb4 Qg6 18. Qb3 Rc5 19. g3 Nxd5 20. Bg2 e4
21. Nd4 Rfc8 22. Qd1 Re8 23. Nb3 Ba4 24. Qd4 Bxb3 25. axb3 Ne7 26. c4 Nc6
27. Qd2 Qf6 28. Rd1 Rd8 29. Nc3 Rd7 30. Nd5 Qe6 31. Qc3 Ne7 32. b4 Rc8 33.
Nxe7+ Rxe7 34. b3 Rd7 35. Qd4 Rcd8 36. Qd5 Qxd5 37. Rxd5 g6 38. Bf1 Kg7 39.
Rad1 Kf6 40. c5 bxc5 41. bxc5 Ke7 42. cxd6+ Rxd6 43. Rxd6 Rxd6 44. Rxd6 Kxd6
45. Bc4 g5 46. Kf1 h6 47. Ke2 Kc5 48. Ke3 a5 49. Be6 Kb4 50. Bxf5 Kxb3 51.
Kxe4 a4 52. Be6+ Kb4 53. f4 a3 54. fxg5 hxg5 55. Kf5 Kc5 56. Kxg5 Kd6 57.
Ba2 Ke7 58. h4 Kf8 59. Kf6 Ke8 60. h5 Kf8 61. h6 Ke8 62. h7 Kd7 63. h8=Q Kd6
64. Qd8+ Kc5 65. Qd5+ Kb4 66. Qc4+ Ka5 67. Qb3 Ka6 68. Ke6 Ka5 69. Kd6 Ka6
70. Kc6 Ka5 71. Qb5# {Black checkmated} 1-0

[Event "ICC tourney 1969 (45 10)"]
[Site "Internet Chess Club"]
[Date "2020.08.23"]
[Round "5"]
[White "spamazing26"]
[Black "AdityaShiv"]
[Result "1-0"]
[ICCResult "Black resigns"]
[WhiteElo "1698"]
[BlackElo "1896"]
[Opening "QGD: classical variation (5.Bf4)"]
[ECO "D37"]
[NIC "QP.08"]
[Time "11:03:46"]
[TimeControl "2700+10"]

1. d4 d5 2. c4 e6 3. Nf3 Nf6 4. Nc3 Be7 5. Bf4 O-O 6. cxd5 exd5 7. e3 c6 8.
Bd3 Nbd7 9. O-O Nh5 10. Ne5 Nxf4 11. exf4 Nf6 12. Qc2 Bd7 13. Rae1 Re8 14.
Nb1 h6 15. Nd2 Bb4 16. Re2 Qb6 17. Ndf3 Bg4 18. Nxg4 Nxg4 19. Ne5 Nxe5 20.
dxe5 c5 21. a3 Ba5 22. Re3 c4 23. Bf5 d4 24. Rg3 Qc7 25. Qe2 f6 26. Qg4 fxe5
27. Qg6 Qf7 28. Qh7+ Kf8 29. fxe5 Rxe5 30. Rf3 Ke7 31. Be6 Qxe6 32. Qxg7+
Kd6 33. Rf6 d3 34. Rxe6+ Kxe6 35. Qxb7 Rd8 36. f4 Bb6+ 37. Kh1 d2 38. fxe5
d1=Q 39. Qf7+ Kxe5 40. Qe7+ Kd5 41. Qxd8+ Bxd8 42. Rxd1+ Ke4 43. Rxd8
{Black resigns}
1-0

[Event "ICC tourney 1969 (45 10)"]
[Site "Internet Chess Club"]
[Date "2020.08.23"]
[Round "5"]
[White "ITOT"]
[Black "Ososul"]
[Result "0-1"]
[ICCResult "White resigns"]
[WhiteElo "1776"]
[BlackElo "2148"]
[Opening "Sicilian: Najdorf"]
[ECO "B90"]
[NIC "SI.14"]
[Time "11:03:45"]
[TimeControl "2700+10"]

1. e4 c5 2. Nf3 d6 3. d4 cxd4 4. Nxd4 Nf6 5. Nc3 a6 6. f3 e5 7. Nb3 Be6 8.
Be3 h5 9. Qd2 Nbd7 10. O-O-O Be7 11. Be2 Rc8 12. Kb1 b5 13. Rc1 Nb6 14. Bxb6
Qxb6 15. Nd5 Nxd5 16. exd5 Bf5 17. g4 hxg4 18. fxg4 Be4 19. Rhe1 Kf8 20. Bd3
Bxd5 21. Bf5 Be6 22. Bxe6 fxe6 23. g5 g6 24. Qg2 Rc4 25. Re4 Kg7 26. Nd2
Rxe4 27. Nxe4 Qe3 28. Nf6 Rf8 29. Qb7 Rf7 30. h4 Qf4 31. Ne8+ Kg8 32. Qc8
Rf8 33. Qxe6+ Qf7 34. Nc7 Qxe6 35. Nxe6 Rc8 36. b3 Kf7 37. Nf4 exf4 38. Rf1
Rh8 39. Rxf4+ Ke6 40. Re4+ Kd7 41. a4 d5 42. Rg4 Ke6 43. axb5 axb5 44. c3
Kf5 45. Rd4 Ke5 46. Rg4 Bc5 47. Kc2 Kf5 48. Rg2 Rxh4 49. Kd3 Rg4 50. Ra2
Rg3+ 51. Kc2 Rg2+ {White resigns} 0-1

[Event "ICC tourney 1969 (45 10)"]
[Site "Internet Chess Club"]
[Date "2020.08.23"]
[Round "5"]
[White "HR2005"]
[Black "binomialfactor"]
[Result "0-1"]
[ICCResult "White resigns"]
[WhiteElo "2068"]
[BlackElo "2212"]
[Opening "Sicilian: Pelikan, Chelyabinsk variation"]
[ECO "B33"]
[NIC "SI.37"]
[Time "11:03:42"]
[TimeControl "2700+10"]

1. e4 c5 2. Nf3 Nc6 3. d4 cxd4 4. Nxd4 Nf6 5. Nc3 e5 6. Ndb5 d6 7. Bg5 a6 8.
Na3 b5 9. Nd5 Be7 10. Bxf6 Bxf6 11. c3 O-O 12. h4 Rb8 13. Nc2 Be6 14. Nce3
Be7 15. Bd3 a5 16. Nf5 Bxf5 17. exf5 Kh8 18. Qh5 f6 19. g4 b4 20. g5 bxc3
21. g6 h6 22. bxc3 a4 23. Ne3 Re8 24. Bc4 Bf8 25. Bf7 Re7 26. Ng4 d5 27. Rg1
Reb7 28. Kf1 d4 29. Rd1 Rb1 30. Kg2 Rxd1 31. Rxd1 Qa5 32. cxd4 Nxd4 33. Ne3
Rb2 34. Qg4 Qc3 35. Qe4 Rb8 36. Rd3 Qe1 37. Rd1 Qb4 38. Nd5 Qb2 39. Nf4 Nb5
40. Rb1 Qa3 41. Nd5 Nd6 42. Qxa4 Qxa4 43. Rxb8 Qg4+ 44. Kf1 Qc4+ 45. Kg1 Nc8
46. Nb6 Qc1+ 47. Kh2 Qf4+ 48. Kg1 Qg4+ 49. Kf1 Qh3+ 50. Kg1 Qg4+ 51. Kf1
Qd1+ 52. Kg2 Qd3 53. Rxc8 Qe4+ 54. Kf1 Qb1+ 55. Ke2 Qe4+ 56. Kd2 Qf4+ 57.
Ke2 Qe4+ 58. Kd1 Qb1+ 59. Kd2 Qb2+ 60. Kd3 Qb1+ 61. Ke3 Qxb6+ 62. Kf3 Qb7+
63. Kg3 Qxc8 {White resigns} 0-1

[Event "ICC tourney 1969 (45 10)"]
[Site "Internet Chess Club"]
[Date "2020.08.23"]
[Round "5"]
[White "blueeagle405"]
[Black "SophylacticPlay"]
[Result "1-0"]
[ICCResult "Black forfeits on time"]
[WhiteElo "1995"]
[BlackElo "2145"]
[Opening "Queen's gambit accepted"]
[ECO "D20"]
[NIC "QG.03"]
[Time "11:03:55"]
[TimeControl "2700+10"]

1. d4 d5 2. c4 dxc4 3. e3 e5 4. Bxc4 exd4 5. exd4 Nf6 6. Nc3 Bd6 7. Nf3 O-O
8. O-O Bg4 9. Bg5 h6 10. Be3 Nc6 11. a3 a6 12. Bd3 Ne7 13. h3 Bh5 14. g4 Bg6
15. Bc4 Ne4 16. Ne2 c6 17. Ne5 Bh7 18. Qb3 Bxe5 19. dxe5 b5 20. Bd3 Nd5 21.
Rad1 Nxe3 22. fxe3 Qg5 23. Rf4 Qxe5 24. Qc2 Ng5 25. Bxh7+ Nxh7 26. Re4 Qf6
27. Kg2 Qh4 28. Re5 Rfe8 29. Qe4 Nf6 30. Qf4 Rxe5 31. Qxe5 Re8 32. Qd4 Ne4
33. Rf1 Ng5 34. Nf4 Re4 35. Qd8+ Kh7 36. Qd3 g6 37. b4 Re7 38. Qd4 Ne4 39.
Rf3 Qe1 40. Ne6 Qd2+ 41. Kg1 Qe1+ 42. Kg2 Qd2+ 43. Kg1 Qxd4 44. Nxd4
{Black forfeits on time}
1-0

[Event "ICC tourney 1969 (45 10)"]
[Site "Internet Chess Club"]
[Date "2020.08.23"]
[Round "5"]
[White "saiabhi29"]
[Black "carahsu08"]
[Result "1-0"]
[ICCResult "Black resigns"]
[WhiteElo "2061"]
[BlackElo "1734"]
[Opening "Queen's pawn, Mason variation"]
[ECO "D00"]
[NIC "QP.08"]
[Time "11:04:03"]
[TimeControl "2700+10"]

1. d4 d5 2. Bf4 Nf6 3. e3 e6 4. Nd2 Be7 5. h3 c5 6. c3 Nc6 7. Ngf3 b6 8. Bb5
Bd7 9. Qe2 O-O 10. Bd3 cxd4 11. exd4 Bc8 12. O-O Bb7 13. Ne5 Bd6 14. Ndf3
Qc7 15. Rfe1 Rfe8 16. Ng5 Nd8 17. Qc2 h6 18. Ngf3 a6 19. Qd2 Kf8 20. Rac1 b5
21. a4 Qb6 22. axb5 axb5 23. Ng4 Nxg4 24. hxg4 Ba6 25. g5 hxg5 26. Nxg5 Qc7
27. Bxd6+ Qxd6 28. Qe2 b4 29. Bxa6 Qxa6 30. Qh5 g6 31. Qh8+ Ke7 32. Qg7 bxc3
33. bxc3 Qd6 34. Nh7 Qf4 35. g3 Qf5 36. Re5 Qf3 37. Re3 Qf5 38. Rce1 Ra2 39.
Rf1 Nc6 40. Kg2 Nd8 41. Rf3 Qc2 42. Ng5 Rf8 43. Qe5 Ra7 44. Nh7 Rg8 45. Nf6
Rf8 46. Nxd5+ Kd7 47. Nb6+ Kc6 48. Qc5+ Kb7 49. Qxf8 {Black resigns} 1-0

[Event "ICC tourney 1969 (45 10)"]
[Site "Internet Chess Club"]
[Date "2020.08.23"]
[Round "5"]
[White "serafindelapaz"]
[Black "kgeisenman32"]
[Result "1-0"]
[ICCResult "Black resigns"]
[WhiteElo "1703"]
[BlackElo "1347"]
[Opening "English: symmetrical variation"]
[ECO "A36"]
[NIC "EO.64"]
[Time "11:03:50"]
[TimeControl "2700+10"]

1. c4 c5 2. Nc3 Nc6 3. g3 d6 4. Bg2 Bd7 5. e4 Nf6 6. Nge2 g6 7. O-O Bg7 8.
d3 O-O 9. h3 Qc8 10. Kh2 Rb8 11. Be3 b6 12. Qd2 Ne5 13. f4 Nc6 14. Rf2 e5
15. Raf1 exf4 16. Bxf4 Ne8 17. Nd5 f5 18. exf5 Bxf5 19. Nec3 Qd7 20. Bh6 Nc7
21. Qf4 Ne6 22. Qh4 Bxd3 23. Rxf8+ Rxf8 24. Rxf8+ Kxf8 25. Qf6+ Kg8 26. Bxg7
Nxg7 27. Nxb6 Qe7 28. Bd5+ Kh8 29. Qxe7 Nxe7 30. Nd7 Nxd5 31. cxd5 Nf5 32.
g4 Nd4 33. Nf6 Nb5 34. Nxb5 Bxb5 35. g5 Bd3 36. Kg3 a5 37. a3 Bc4 38. Kf4
Kg7 39. Ke4 h6 40. Ne8+ Kh7 41. Nxd6 Ba6 42. h4 hxg5 43. hxg5 Kg7 44. Ke5 a4
45. Ke6 Bd3 46. Ne8+ Kf8 47. Nf6 c4 48. d6 Bf5+ 49. Kd5 Bd3 50. Kc6 Bf5 51.
d7 Ke7 52. Kc7 Bxd7 53. Nxd7 Ke6 54. Nf6 Kf5 55. Nh7 Ke4 56. Kb6 Kd3 57. Kb5
Kc2 58. Kxc4 Kxb2 59. Kb4 {Black resigns} 1-0

[Event "ICC tourney 1969 (45 10)"]
[Site "Internet Chess Club"]
[Date "2020.08.23"]
[Round "5"]
[White "tricksterssbu"]
[Black "HarleyQueen8"]
[Result "1-0"]
[ICCResult "Black checkmated"]
[WhiteElo "1675"]
[BlackElo "1706"]
[Opening "Sicilian"]
[ECO "B56"]
[NIC "SI.25"]
[Time "11:04:19"]
[TimeControl "2700+10"]

1. e4 c5 2. Nf3 d6 3. d4 cxd4 4. Nxd4 Nf6 5. Nc3 Nc6 6. f3 e5 7. Nb3 Be7 8.
Be3 Be6 9. Nd5 O-O 10. Be2 a5 11. c4 a4 12. Nd2 Nd4 13. O-O Nd7 14. Nb1 Bf6
15. Nbc3 Nxe2+ 16. Qxe2 Nc5 17. Nb5 Be7 18. Rad1 Bxd5 19. Rxd5 Qb6 20. Rfd1
Rfd8 21. Qd2 h6 22. Nxd6 Bxd6 23. Rxd6 Rxd6 24. Qxd6 Qxd6 25. Rxd6 Rc8 26.
Bxc5 Rxc5 27. b3 f6 28. Rd7 b6 29. Rd6 b5 30. Rd5 Rc7 31. Rxb5 Kf7 32. Ra5
axb3 33. axb3 Ke6 34. Kf2 Kd7 35. Ke3 Kc6 36. b4 Rd7 37. Rd5 Ra7 38. b5+ Kb6
39. Rd6+ Kc5 40. Rc6+ Kb4 41. b6 Rb7 42. c5 Kb5 43. Rc7 Rb8 44. b7 Ka6 45.
c6 Kb6 46. Rc8 Ka7 47. Kd3 g6 48. Kc4 f5 49. Kd5 fxe4 50. fxe4 g5 51. Kd6 g4
52. Kc7 Ka6 53. Rxb8 g3 54. h3 h5 55. Ra8+ Kb5 56. b8=Q+ Kc4 57. Ra4+ Kc3
58. Qb4+ Kd3 59. Ra3+ Kc2 60. Qc3+ Kd1 61. Qb2 h4 62. Ra1# {Black
checkmated} 1-0

[Event "ICC tourney 1969 (45 10)"]
[Site "Internet Chess Club"]
[Date "2020.08.23"]
[Round "5"]
[White "imranchamp"]
[Black "chessforme17"]
[Result "0-1"]
[ICCResult "White checkmated"]
[WhiteElo "1662"]
[BlackElo "1981"]
[Opening "Sicilian: closed"]
[ECO "B23"]
[NIC "SI.44"]
[Time "11:03:44"]
[TimeControl "2700+10"]

1. e4 c5 2. Nc3 a6 3. a4 e6 4. f4 d5 5. d3 d4 6. Nce2 Nf6 7. Nf3 Be7 8. g3
Nc6 9. Bg2 b6 10. O-O Bb7 11. c3 dxc3 12. bxc3 c4 13. e5 cxd3 14. Ned4 Nxd4
15. cxd4 Nd5 16. Qxd3 O-O 17. Ba3 Bxa3 18. Ng5 g6 19. Qxa3 Rc8 20. Ne4 Kh8
21. Nd6 Rc7 22. Nxb7 Rxb7 23. Rac1 b5 24. axb5 axb5 25. Rc5 b4 26. Qb3 Rd7
27. Bxd5 Rxd5 28. Rxd5 Qxd5 29. Qxb4 Rc8 30. Qd2 Rc4 31. Rd1 Kg7 32. Qd3 h6
33. Qd2 Ra4 34. Qd3 h5 35. Rd2 h4 36. gxh4 Rb4 37. h5 Rb3 38. Qc2 Re3 39.
Re2 Ra3 40. Qb2 Rb3 41. Qd2 Qf3 42. Qc2 Rc3 43. Rf2 Qg4+ 44. Rg2 Qh3 45. Qd2
Rd3 46. Qe2 Re3 47. Qd2 Rd3 48. Qe2 Rxd4 49. hxg6 fxg6 50. Rg3 Qf5 51. Qf2
Rxf4 52. Qe2 Qf7 53. Kg2 Qb7+ 54. Kh3 Qf7 55. Qh5 Rf5 56. Qe2 Rf4 57. Kg2
Qf5 58. h3 Qe4+ 59. Qxe4 Rxe4 60. Rg5 Kh6 61. Kf3 Kxg5 62. Kxe4 Kh4 63. Kf4
g5+ 64. Ke4 Kxh3 65. Kd4 g4 66. Kc5 g3 67. Kd6 g2 68. Kxe6 g1=Q 69. Kf7 Qf2+
70. Ke7 Qc5+ 71. Kf6 Qf8+ 72. Ke6 Qe8+ 73. Kd6 Kg4 74. e6 Kf5 75. e7 Kf6 76.
Kd5 Qxe7 77. Kc4 Qe5 78. Kb3 Qd4 79. Ka2 Qc3 80. Kb1 Qd2 81. Ka1 Ke5 82. Kb1
Kd4 83. Ka1 Kc3 84. Kb1 Qb2# {White checkmated} 0-1

[Event "ICC tourney 1969 (45 10)"]
[Site "Internet Chess Club"]
[Date "2020.08.23"]
[Round "5"]
[White "tcao"]
[Black "funplaychess"]
[Result "1/2-1/2"]
[ICCResult "Black stalemated"]
[WhiteElo "1922"]
[BlackElo "2365"]
[Opening "Sicilian: Najdorf, Opocensky variation"]
[ECO "B92"]
[NIC "SI.11"]
[Time "11:03:54"]
[TimeControl "2700+10"]

1. e4 c5 2. Nf3 d6 3. d4 cxd4 4. Nxd4 Nf6 5. Nc3 a6 6. Be2 e5 7. Nb3 Be7 8.
O-O O-O 9. Be3 b6 10. f3 Bb7 11. Na4 Nbd7 12. c4 Ne8 13. Rc1 Bg5 14. Qd2
Bxe3+ 15. Qxe3 Nc5 16. Nbxc5 bxc5 17. Nc3 Nc7 18. Rfd1 Ne6 19. Nd5 Nd4 20.
Bd3 Bxd5 21. cxd5 Qb6 22. b3 a5 23. Bc4 Rfb8 24. Rb1 a4 25. Rd2 Qb4 26. Rdb2
h6 27. f4 axb3 28. axb3 exf4 29. Qxf4 Rb6 30. Rf1 f6 31. Qg3 Kh8 32. h3 Re8
33. Qg6 Rf8 34. Kh1 Qc3 35. Rbf2 Nxb3 36. e5 dxe5 37. Bd3 f5 38. Qxb6 Qxd3
39. Rf3 Qxd5 40. Qxb3 c4 41. Qd1 Qe6 42. Qc2 e4 43. Rc3 f4 44. Rxc4 f3 45.
Qxe4 fxg2+ 46. Kxg2 Qxe4+ 47. Rxe4 Rd8 48. Rfe1 Kh7 49. Re7 Rd2+ 50. Kg3
Rd3+ 51. R1e3 Rd6 52. h4 Rg6+ 53. Kh3 Rf6 54. h5 Rf5 55. Kg4 Rg5+ 56. Kh4
Rg1 57. Rg3 Rh1+ 58. Kg4 Rf1 59. Kh3 Kh8 60. Rexg7 Rh1+ 61. Kg2 Rh2+ 62. Kf3
Rf2+ 63. Ke4 Rf4+ 64. Kd3 Rd4+ 65. Ke3 Re4+ 66. Kd2 Rd4+ 67. Ke1 Rd1+ 68.
Kf2 Rd2+ 69. Ke3 Re2+ 70. Kf4 Re4+ 71. Kxe4 {Black stalemated} 1/2-1/2

[Event "ICC tourney 1969 (45 10)"]
[Site "Internet Chess Club"]
[Date "2020.08.23"]
[Round "5"]
[White "burstninja"]
[Black "Adhvaith0406"]
[Result "0-1"]
[ICCResult "White checkmated"]
[WhiteElo "1669"]
[BlackElo "2000"]
[Opening "Queen's Indian: 4.Nc3, main line"]
[ECO "E13"]
[NIC "NI.25"]
[Time "11:03:52"]
[TimeControl "2700+10"]

1. d4 Nf6 2. c4 e6 3. Nc3 Bb4 4. Bg5 h6 5. Bh4 b6 6. Nf3 Bb7 7. e3 g5 8. Bg3
Ne4 9. Rc1 Bxc3+ 10. bxc3 d6 11. Bd3 Nd7 12. O-O f5 13. Bxe4 fxe4 14. Nd2
Nf6 15. f3 exf3 16. Nxf3 Qe7 17. c5 O-O-O 18. cxd6 cxd6 19. Qa4 Kb8 20. Nd2
Rhf8 21. c4 e5 22. d5 Qd7 23. Qxd7 Nxd7 24. Ne4 Kc7 25. Rxf8 Rxf8 26. Be1
Nc5 27. Nxc5 dxc5 28. Bg3 Kd6 29. a4 Ba6 30. e4 h5 31. h3 h4 32. Bh2 Rf6 33.
Rc2 Rf7 34. Rc1 Bc8 35. Ra1 g4 36. hxg4 Bxg4 37. a5 Be2 38. axb6 axb6 39. g3
h3 40. g4 Bxc4 41. g5 Bd3 42. g6 Rf6 43. g7 Rg6+ 44. Kf2 Rxg7 45. Ke3 Rg2
46. Kxd3 Rxh2 47. Rf1 Ra2 48. Rb1 Kc7 49. Ke3 h2 50. Kf3 b5 51. Kg3 b4 52.
Rc1 Kd6 53. Rb1 c4 54. Rc1 b3 55. Rb1 c3 56. Rf1 b2 57. Rb1 Ra1 58. Rf1 Rxf1
59. Kg4 h1=Q 60. Kg3 b1=Q 61. Kg4 Qbxe4+ 62. Kg3 Rf3# {White checkmated} 0-1

[Event "ICC tourney 1969 (45 10)"]
[Site "Internet Chess Club"]
[Date "2020.08.23"]
[Round "5"]
[White "SunnyDays0"]
[Black "riachuvspikachu"]
[Result "1/2-1/2"]
[ICCResult "Game drawn because neither player has mating material"]
[WhiteElo "1192"]
[BlackElo "1592"]
[Opening "King's Indian: London system"]
[ECO "A45"]
[NIC "QP.07"]
[Time "11:03:53"]
[TimeControl "2700+10"]

1. d4 Nf6 2. Bf4 g6 3. Nf3 d5 4. e3 Bg7 5. c4 c6 6. Nc3 O-O 7. Be2 Bf5 8.
O-O Na6 9. cxd5 cxd5 10. Bxa6 bxa6 11. Ne5 Rc8 12. Qa4 Qb6 13. Qb3 e6 14.
Na4 Qxb3 15. axb3 Ne4 16. Rfc1 Bxe5 17. Bxe5 f6 18. Bc7 Rf7 19. Ba5 Rb8 20.
Nc5 Nxc5 21. dxc5 Rxb3 22. c6 e5 23. Bd8 Bc8 24. Rc2 Rb5 25. f4 Kg7 26. Rf1
Rb3 27. Kf2 Rb5 28. Rd1 Rf8 29. c7 Re8 30. Rdc1 Re6 31. fxe5 Rxe5 32. Kf3
Rf5+ 33. Ke2 Re5 34. Rf1 Re6 35. Kf3 Reb6 36. Rd1 Rxb2 37. Rxb2 Rxb2 38.
Rxd5 Bb7 39. Kf4 Rb4+ 40. e4 Rc4 41. Rd6 Rxe4+ 42. Kg3 Rc4 43. Bxf6+ Kf7 44.
Bd8 a5 45. Rd7+ Kg8 46. Rd3 a4 47. Kf2 Rc2+ 48. Ke3 Rxg2 49. Rc3 Bc8 50. Ra3
Rxh2 51. Rxa4 Rb2 52. Rxa7 Rb3+ 53. Kd4 Rb7 54. Ra8 Bf5 55. Bg5+ Kf7 56.
c8=Q Bxc8 57. Rxc8 Rb5 58. Rc7+ Kg8 59. Rc8+ Kf7 60. Rc7+ Ke6 61. Bh6 Rd5+
62. Ke4 Re5+ 63. Kf4 Rf5+ 64. Ke4 Rf7 65. Rxf7 Kxf7 66. Ke5 Ke7 67. Bg5+ Kf7
68. Bh6 Ke7 69. Bg5+ Kf7 70. Bh6 Kg8 71. Kf6 g5 72. Kxg5 Kf7 73. Kh5 Kf6 74.
Bf8 Kf7 75. Bh6 Kg8 76. Bg5 Kg7 77. Bh6+ Kf7 78. Bg5 Ke6 79. Bh6 Kf5 80. Bg5
h6 81. Bxh6 {Game drawn because neither player has mating material} 1/2-1/2

[Event "ICC tourney 1969 (45 10)"]
[Site "Internet Chess Club"]
[Date "2020.08.23"]
[Round "6"]
[White "kgeisenman32"]
[Black "SunnyDays0"]
[Result "1-0"]
[ICCResult "Black resigns"]
[WhiteElo "1375"]
[BlackElo "1124"]
[Opening "Queen's bishop game"]
[ECO "D02"]
[NIC "QP.08"]
[Time "13:31:46"]
[TimeControl "2700+10"]

1. d4 d5 2. Nf3 Nf6 3. Bf4 Bf5 4. e3 e6 5. Bd3 Bd6 6. Bxd6 cxd6 7. Bxf5 exf5
8. O-O O-O 9. Nc3 Re8 10. Re1 Ne4 11. Nxd5 Nc6 12. Nd2 Qa5 13. Nxe4 fxe4 14.
c4 Nb4 15. Qd2 Nc6 16. Qxa5 Nxa5 17. Nc7 {Black resigns} 1-0